[Event "ICCopen2016"]
[Site "Internet Chess Club"]
[Date "2016.06.04"]
[Round "3"]
[White "welshnajdorf"]
[Black "TrendFriend"]
[Result "0-1"]
[ICCResult "White resigns"]
[WhiteElo "1850"]
[BlackElo "2501"]
[Opening "Sicilian"]
[ECO "B50"]
[NIC "SI.01"]
[Time "14:23:57"]
[TimeControl "180+0"]

1. e4 c5 2. Nf3 d6 3. b3 Nf6 4. d3 g6 5. Bb2 Bg7 6. Nbd2 O-O 7. Be2 Re8 8.
O-O Nxe4 9. Bxg7 Nxd2 10. Qxd2 Kxg7 11. h4 Bg4 12. Nh2 Bxe2 13. Qxe2 Nc6 14.
h5 Nd4 15. Qd2 f5 16. c3 Nc6 17. h6+ Kg8 18. d4 cxd4 19. cxd4 e5 20. Nf3 e4
21. d5 exf3 22. dxc6 bxc6 23. Qc3 Qd7 24. Rfd1 d5 25. Qxf3 Re6 26. Rac1 Rae8
27. Qc3 Qe7 28. b4 Qf8 29. b5 cxb5 30. Rxd5 Qxh6 31. Rcd1 Qg7 32. Rd7 Qxc3
{White resigns}
0-1

[Event "ICCopen2016"]
[Site "Internet Chess Club"]
[Date "2016.06.04"]
[Round "3"]
[White "e8thatcat"]
[Black "santiagoelawad"]
[Result "0-1"]
[ICCResult "White resigns"]
[WhiteElo "1423"]
[BlackElo "1962"]
[Opening "Benoni: classical with e4 and Nf3"]
[ECO "A70"]
[NIC "BI.38"]
[Time "14:23:03"]
[TimeControl "180+0"]

1. d4 Nf6 2. c4 c5 3. d5 e6 4. Nc3 exd5 5. cxd5 d6 6. e4 g6 7. Nf3 Bg4 8.
Be2 Bg7 9. O-O Bxf3 10. Bxf3 O-O 11. Bf4 a6 12. Re1 b5 13. e5 dxe5 14. Bxe5
Nbd7 15. Bd6 Re8 16. Rxe8+ Nxe8 17. Bg3 Ne5 18. Bxe5 Bxe5 19. Qe2 Bxc3 20.
bxc3 Nd6 21. Re1 Qe8 22. Qxe8+ Rxe8 23. Rxe8+ Nxe8 24. Kf1 Nd6 25. Ke2 f5
26. Kd3 Kf7 27. Kc2 Kf6 28. Be2 Ke5 29. Bf3 Ne4 30. Bxe4 fxe4 31. Kb3 Kxd5
32. a4 Ke5 33. axb5 axb5 {White resigns} 0-1

[Event "ICCopen2016"]
[Site "Internet Chess Club"]
[Date "2016.06.04"]
[Round "3"]
[White "Johndenver"]
[Black "Yedixon"]
[Result "1-0"]
[ICCResult "Black forfeits on time"]
[WhiteElo "1667"]
[BlackElo "1247"]
[Opening "QGD: Chigorin defense"]
[ECO "D07"]
[NIC "QP.08"]
[Time "14:22:50"]
[TimeControl "180+0"]

1. d4 d5 2. c4 Nc6 3. e3 dxc4 4. Bxc4 e5 5. d5 Nce7 6. e4 Ng6 7. Nc3 Nf6 8.
Nge2 Bd6 9. f3 O-O 10. Be3 Nh5 11. Qd2 f5 12. Bg5 Qe8 13. exf5 Ngf4 14. g4
Nf6 15. O-O-O h6 16. Nxf4 hxg5 17. Ne6 Bxe6 18. dxe6 Kh8 19. Qxg5 Qc6 20. e7
Bxe7 21. Qh4+ Nh7 22. Qxe7 Qxc4 23. Rd7 Qf4+ 24. Kb1 {Black forfeits on
time} 1-0

[Event "ICCopen2016"]
[Site "Internet Chess Club"]
[Date "2016.06.04"]
[Round "3"]
[White "cstefan"]
[Black "Bochkarev"]
[Result "0-1"]
[ICCResult "White resigns"]
[WhiteElo "1995"]
[BlackElo "2800"]
[Opening "Sicilian: Najdorf, Adams attack"]
[ECO "B90"]
[NIC "SI.14"]
[Time "14:23:33"]
[TimeControl "180+0"]

1. e4 c5 2. Nf3 d6 3. d4 cxd4 4. Nxd4 Nf6 5. Nc3 a6 6. h3 e5 7. Nde2 h5 8.
Ng1 b5 9. a4 b4 10. Nd5 Nbd7 11. Nf3 Bb7 12. Bc4 Be7 13. Ng5 O-O 14. O-O Rc8
15. Nxe7+ Qxe7 16. Bb3 Nc5 17. Be3 Ncxe4 18. Nxe4 Bxe4 19. Bg5 Bg6 20. Qf3
Bxc2 21. Bd5 Rc5 22. Rac1 Rfc8 23. Rfe1 e4 24. Qf5 e3 25. Rxc2 Rxc2 26. Rxe3
Qd7 27. Qf3 Nxd5 28. Qxd5 R2c5 {White resigns} 0-1

[Event "ICCopen2016"]
[Site "Internet Chess Club"]
[Date "2016.06.04"]
[Round "3"]
[White "chaozz"]
[Black "plotkin"]
[Result "1-0"]
[ICCResult "Black resigns"]
[WhiteElo "3070"]
[BlackElo "2329"]
[Opening "Petrov: modern attack, main line"]
[ECO "C43"]
[NIC "RG.01"]
[Time "14:23:12"]
[TimeControl "180+0"]

1. e4 e5 2. Nf3 Nf6 3. d4 exd4 4. e5 Ne4 5. Qxd4 d5 6. exd6 Nxd6 7. Nc3 Nc6
8. Qf4 Be6 9. Bd2 Qf6 10. Qxf6 gxf6 11. O-O-O O-O-O 12. a3 Ne5 13. Nd4 Ndc4
14. Bf4 Bc5 15. Nxe6 fxe6 16. Rxd8+ Rxd8 17. Ne4 Be7 18. Be2 Rd4 19. f3 f5
20. c3 Rd8 21. Ng5 Bxg5 22. Bxg5 Rg8 23. f4 Ne3 24. g3 Nf7 25. Bf6 Nd5 26.
Bd4 Nd6 27. Bf3 c6 28. Re1 Kd7 29. Bxa7 Nc4 30. Bd4 b5 31. b3 Nxa3 32. Kb2
b4 33. c4 Nc7 34. Bc5 Na6 35. Rd1+ Kc7 36. Bd6+ Kb6 37. Be5 Rc8 38. Rd6 Nc5
39. Bd4 {Black resigns} 1-0

[Event "ICCopen2016"]
[Site "Internet Chess Club"]
[Date "2016.06.04"]
[Round "3"]
[White "NAS"]
[Black "chapeau"]
[Result "1-0"]
[ICCResult "Black checkmated"]
[WhiteElo "1631"]
[BlackElo "1332"]
[Opening "Scandinavian (center counter) defense"]
[ECO "B01"]
[NIC "VO.17"]
[Time "14:23:34"]
[TimeControl "180+0"]

1. e4 d5 2. exd5 e6 3. dxe6 Bxe6 4. d4 Nf6 5. Nc3 Bd6 6. Nf3 O-O 7. Be2 Qc8
8. Bg5 Nh5 9. Qd2 b6 10. O-O-O Qa6 11. Bxa6 Bb4 12. Bb7 Bxa2 13. Bxa8 Nd7
14. Bc6 Ndf6 15. Bxf6 Nxf6 16. Qd3 Be6 17. Ne4 Ng4 18. Qe2 Bf5 19. h3 Nh6
20. g4 Bg6 21. Nh4 Re8 22. Nxg6 hxg6 23. Qd3 a5 24. c3 Bf8 25. Rhe1 Rd8 26.
Qc4 Kh7 27. Ng5+ Kh8 28. Nxf7+ Nxf7 29. Qxf7 Bd6 30. Be4 Rf8 31. Qxg6 Kg8
32. Qh7+ Kf7 33. Bd5+ Kf6 34. Qf5# {Black checkmated} 1-0

[Event "ICCopen2016"]
[Site "Internet Chess Club"]
[Date "2016.06.04"]
[Round "3"]
[White "MorningRunner"]
[Black "GolfPro"]
[Result "1-0"]
[ICCResult "Black resigns"]
[WhiteElo "2151"]
[BlackElo "1780"]
[Opening "Petrov: classical attack"]
[ECO "C42"]
[NIC "RG.04"]
[Time "14:24:04"]
[TimeControl "180+0"]

1. e4 e5 2. Nf3 Nf6 3. Nxe5 d6 4. Nf3 Nxe4 5. d4 d5 6. Bd3 Bg4 7. O-O Be7 8.
c4 Nf6 9. Nc3 Nc6 10. Be2 O-O 11. c5 Ne4 12. h3 Bh5 13. Be3 Kh8 14. Qb3 Rb8
15. Nxd5 f5 16. Nf4 Bxf3 17. Bxf3 Rf6 18. Rad1 g5 19. Nd5 Rg6 20. Nxe7 Qxe7
21. d5 Ne5 22. Bd4 h6 23. Rde1 Kh7 24. Bxe4 fxe4 25. Rxe4 Nf3+ 26. Qxf3
{Black resigns}
1-0

[Event "ICCopen2016"]
[Site "Internet Chess Club"]
[Date "2016.06.04"]
[Round "3"]
[White "ajedrezlento"]
[Black "MasterDanielX"]
[Result "1-0"]
[ICCResult "Black forfeits on time"]
[WhiteElo "1756"]
[BlackElo "2023"]
[Opening "Ware (Meadow Hay) opening"]
[ECO "A00"]
[Time "14:23:50"]
[TimeControl "180+0"]

1. a4 d5 2. g3 e5 3. Bg2 c6 4. d3 f5 5. Nd2 Nf6 6. c3 Bc5 7. e4 fxe4 8. dxe4
O-O 9. Qe2 Bg4 10. Ngf3 Nbd7 11. O-O Qc7 12. h3 Bh5 13. g4 Bg6 14. Nh4 Bxe4
15. Nxe4 dxe4 16. Bxe4 Nxe4 17. Qxe4 Rf7 18. Nf3 Raf8 19. Ng5 Nf6 20. Qc4
Qe7 21. Nxf7 Rxf7 22. Be3 {Black forfeits on time} 1-0

[Event "ICCopen2016"]
[Site "Internet Chess Club"]
[Date "2016.06.04"]
[Round "3"]
[White "Deverill"]
[Black "dwibs"]
[Result "0-1"]
[ICCResult "White forfeits on time"]
[WhiteElo "1232"]
[BlackElo "1580"]
[Opening "Sicilian defense"]
[ECO "B30"]
[NIC "SI.31"]
[Time "14:23:18"]
[TimeControl "180+0"]

1. e4 c5 2. Nf3 Nc6 3. d3 g6 4. g3 Bg7 5. Bg2 d6 6. Nbd2 Nf6 7. O-O Bg4 8.
h3 Bxf3 9. Nxf3 O-O 10. c3 Qc7 11. Qe2 b5 12. a4 a6 13. Nh4 Rab8 14. f4 b4
15. Bd2 bxc3 16. bxc3 Rb2 17. Rfb1 Rfb8 18. Rxb2 Rxb2 19. f5 Qb6 20. Kh2 Na5
21. Nf3 Nb3 22. Rd1 Nd7 23. Qe3 Nxd2 24. Rxd2 Ne5 25. Nxe5 Bxe5 26. d4 cxd4
27. cxd4 Rxd2 28. Qxd2 Qxd4 29. Qe2 Qxa4 30. h4 Qa3 31. Qf2 Qc5 32. Qe2 Qc3
33. Qf2 Qd4 {White forfeits on time} 0-1

[Event "ICCopen2016"]
[Site "Internet Chess Club"]
[Date "2016.06.04"]
[Round "3"]
[White "geemurfi"]
[Black "Chanikya"]
[Result "0-1"]
[ICCResult "White resigns"]
[WhiteElo "1891"]
[BlackElo "2732"]
[Opening "KP: Nimzovich defense"]
[ECO "B00"]
[NIC "VO.05"]
[Time "14:23:51"]
[TimeControl "180+0"]

1. e4 Nc6 2. Nf3 d6 3. Nc3 Nf6 4. h3 g6 5. d4 Bg7 6. Be3 O-O 7. Be2 e5 8. d5
Ne7 9. Qd2 Nd7 10. g4 Kh8 11. Bh6 Bxh6 12. Qxh6 Ng8 13. Qd2 f5 14. gxf5 gxf5
15. exf5 Nc5 16. O-O-O Bxf5 17. Rdg1 Ne4 18. Qe3 Nxc3 19. Qxc3 Nf6 20. Ng5
Nxd5 21. Qd2 Nf4 22. Bf3 c6 23. h4 Qf6 24. h5 Rg8 25. Ne4 Bxe4 26. Bxe4
Rxg1+ 27. Rxg1 Rg8 28. Rxg8+ Kxg8 29. Qe3 a6 30. Qb3+ Qf7 31. Bxh7+ Kf8 32.
Bg6 Qxb3 33. axb3 Nxg6 34. hxg6 Kg7 {White resigns} 0-1

[Event "ICCopen2016"]
[Site "Internet Chess Club"]
[Date "2016.06.04"]
[Round "3"]
[White "kamalchandran"]
[Black "amirrezap"]
[Result "0-1"]
[ICCResult "White checkmated"]
[WhiteElo "1844"]
[BlackElo "2389"]
[Opening "French: Winawer, advance, Smyslov variation"]
[ECO "C19"]
[NIC "FR.11"]
[Time "14:23:12"]
[TimeControl "180+0"]

1. e4 e6 2. d4 d5 3. Nc3 Bb4 4. e5 c5 5. a3 Bxc3+ 6. bxc3 Ne7 7. a4 Qa5 8.
Bd2 Nbc6 9. Nf3 Bd7 10. Bd3 c4 11. Be2 f6 12. exf6 gxf6 13. O-O O-O-O 14.
Qb1 Rhg8 15. Qb5 Qa6 16. Qxa6 bxa6 17. a5 e5 18. Rfb1 Kc7 19. g3 Rb8 20.
Rxb8 Rxb8 21. Bc1 Rb5 22. dxe5 fxe5 23. Bg5 Ng6 24. Bf6 Bg4 25. Nd4 Bxe2 26.
Nxe2 Rxa5 27. Rd1 Rb5 28. f4 exf4 29. gxf4 a5 30. f5 Nge5 31. Nf4 Nd7 32.
Nxd5+ Rxd5 33. Rxd5 Nxf6 34. Rc5 Kb6 35. Rxc4 Kb5 36. Rh4 a4 37. Rh6 a3 38.
Rxf6 a2 39. Re6 a1=Q+ 40. Kf2 Qxc3 41. f6 Qxc2+ 42. Kg3 Qg6+ 43. Kf2 Qf5+
44. Kg2 Qxe6 45. h4 Qxf6 46. h5 Nd4 47. Kh3 Qf3+ 48. Kh4 Qg2 49. h6 Nf3+ 50.
Kh5 Qg5# {White checkmated} 0-1

[Event "ICCopen2016"]
[Site "Internet Chess Club"]
[Date "2016.06.04"]
[Round "3"]
[White "Qualm"]
[Black "Kjaan1974"]
[Result "1-0"]
[ICCResult "Black resigns"]
[WhiteElo "1670"]
[BlackElo "1388"]
[Opening "Modern defense: Averbakh system"]
[ECO "B06"]
[NIC "KF.02"]
[Time "14:24:00"]
[TimeControl "180+0"]

1. e4 g6 2. d4 Bg7 3. c4 d6 4. Nc3 Nd7 5. Be3 e6 6. f3 Ne7 7. Qd2 O-O 8.
O-O-O f5 9. h4 fxe4 10. fxe4 Nb6 11. h5 gxh5 12. Rxh5 Ng6 13. Bh6 Bxh6 14.
Qxh6 Rf7 15. Nf3 Rg7 16. Bd3 e5 17. dxe5 Bg4 18. Rh2 dxe5 19. c5 Nf4 20.
Bc4+ Nbd5 21. Nxd5 Nxd5 22. Rxd5 Kh8 23. Rxd8+ Rxd8 24. Nxe5 Rd1+ 25. Kc2 c6
26. Nxg4 {Black resigns} 1-0

[Event "ICCopen2016"]
[Site "Internet Chess Club"]
[Date "2016.06.04"]
[Round "3"]
[White "jefferyx"]
[Black "BlackHorse96"]
[Result "1/2-1/2"]
[ICCResult "Game drawn by repetition"]
[WhiteElo "2715"]
[BlackElo "3181"]
[Opening "Alekhine's defense: exchange variation"]
[ECO "B03"]
[NIC "AL.08"]
[Time "14:23:04"]
[TimeControl "180+0"]

1. e4 Nf6 2. e5 Nd5 3. d4 d6 4. c4 Nb6 5. exd6 exd6 6. Nc3 Be7 7. Bd3 O-O 8.
Nge2 Bf6 9. O-O Nc6 10. Be3 Bg4 11. f3 Re8 12. Bf2 Bh5 13. b3 Bg6 14. Qd2 a5
15. a3 Qd7 16. Rfe1 a4 17. b4 d5 18. c5 Nc4 19. Bxc4 dxc4 20. d5 Ne5 21. Bd4
Nd3 22. Bxf6 Nxe1 23. Rxe1 gxf6 24. Qd4 Qe7 25. Qxc4 Qe3+ 26. Kf1 Bd3 27.
Qg4+ Kh8 28. Qh4 Qe5 29. Kf2 Qe3+ 30. Kf1 Re5 31. Qxf6+ Kg8 32. d6 cxd6 33.
cxd6 Rf5 34. Qh4 Qd2 35. Qe7 Qxc3 36. d7 Re5 37. d8=Q+ Rxd8 38. Qxd8+ Kg7
39. Qh4 Rxe2 40. Rxe2 Bxe2+ 41. Kxe2 Qb2+ 42. Kf1 Qxa3 43. Qg5+ Kf8 44. Qd8+
Kg7 45. Qg5+ Kf8 46. Qd8+ Kg7 47. Qg5+ Kf8 48. Qd8+ {Game drawn by
repetition} 1/2-1/2

[Event "ICCopen2016"]
[Site "Internet Chess Club"]
[Date "2016.06.04"]
[Round "3"]
[White "pierredams"]
[Black "fviana"]
[Result "0-1"]
[ICCResult "White resigns"]
[WhiteElo "1782"]
[BlackElo "2197"]
[Opening "Sicilian: Alapin's variation (2.c3)"]
[ECO "B22"]
[NIC "SI.46"]
[Time "14:24:15"]
[TimeControl "180+0"]

1. e4 c5 2. c3 Nc6 3. d4 cxd4 4. cxd4 d6 5. Nc3 g6 6. Be3 Bg7 7. Bc4 Nf6 8.
Nge2 Ng4 9. Bg5 O-O 10. f3 h6 11. Bh4 Ne3 12. Bxe7 Qxe7 13. Qd3 Nb4 14. Qxe3
Nc2+ 15. Kf2 Nxe3 16. Kxe3 Be6 17. d5 Rac8 18. Kd3 Bd7 19. a4 Rc5 20. Rhc1
Rfc8 21. Bb3 a6 22. Ra3 Qd8 23. Bd1 b5 24. axb5 axb5 25. Rb3 Qa5 26. Kd2 b4
27. Nb1 Rxc1 28. Nxc1 Ba4 29. Rd3 Bxb2 30. Bxa4 Bxc1+ {White resigns} 0-1

[Event "ICCopen2016"]
[Site "Internet Chess Club"]
[Date "2016.06.04"]
[Round "3"]
[White "Alfiavl"]
[Black "drsigmund1"]
[Result "1-0"]
[ICCResult "Black checkmated"]
[WhiteElo "1951"]
[BlackElo "1296"]
[Opening "Queen's pawn"]
[ECO "A40"]
[NIC "QO.17"]
[Time "14:24:26"]
[TimeControl "180+0"]

1. d4 e6 2. Nf3 f5 3. e3 Nf6 4. Bd3 Be7 5. b3 c6 6. Bb2 d5 7. Nbd2 O-O 8. c4
Ne4 9. Ne5 Nd7 10. Ndf3 Bf6 11. Qc2 Nxe5 12. dxe5 Be7 13. O-O-O Qa5 14. Kb1
Bb4 15. Bxe4 fxe4 16. Ng5 h6 17. Nh3 Bd7 18. Rhf1 Rad8 19. f3 exf3 20. gxf3
Be8 21. Nf4 Bf7 22. Rg1 Bc5 23. Rxg7+ Kxg7 24. Rg1+ Kh8 25. Ng6+ Bxg6 26.
Qxg6 Rg8 27. Qxh6# {Black checkmated} 1-0

[Event "ICCopen2016"]
[Site "Internet Chess Club"]
[Date "2016.06.04"]
[Round "3"]
[White "Chess64"]
[Black "DrOussedik"]
[Result "0-1"]
[ICCResult "White checkmated"]
[WhiteElo "1760"]
[BlackElo "2137"]
[Opening "Queen's pawn"]
[ECO "A40"]
[NIC "QP.05"]
[Time "14:23:32"]
[TimeControl "180+0"]

1. d4 e6 2. Nf3 Nf6 3. Bf4 c5 4. c3 b6 5. e3 Bb7 6. Bc4 d6 7. Nbd2 Be7 8. h3
Nbd7 9. O-O O-O 10. Qe2 Qc7 11. Rac1 a6 12. a4 Rfe8 13. Rfe1 e5 14. dxe5
dxe5 15. Bh2 Qc6 16. e4 Qxa4 17. Ra1 Qc6 18. Bxf7+ Kxf7 19. Ng5+ Kg6 20. h4
h6 21. Nh3 Kh7 22. f4 exf4 23. Nxf4 Bd6 24. Qd3 Bxf4 25. Bxf4 Ne5 26. Qc2
Rad8 27. Nf3 Nxf3+ 28. gxf3 Kh8 29. Rad1 Qe6 30. e5 Nh5 31. Bh2 Bxf3 32.
Rxd8 Rxd8 33. Rf1 Qg4+ 34. Kf2 Qg2+ 35. Ke3 Qxc2 36. Rxf3 Rd3+ 37. Ke4 Rd4+
38. Ke3 Qd2# {White checkmated} 0-1

[Event "ICCopen2016"]
[Site "Internet Chess Club"]
[Date "2016.06.04"]
[Round "3"]
[White "atilycsy"]
[Black "Taechess"]
[Result "1-0"]
[ICCResult "Black checkmated"]
[WhiteElo "1594"]
[BlackElo "1292"]
[Opening "QGD: Ragozin variation"]
[ECO "D38"]
[NIC "NI.27"]
[Time "14:23:11"]
[TimeControl "180+0"]

1. d4 e6 2. c4 Nf6 3. Nf3 d5 4. Nc3 Bb4 5. e3 Ne4 6. Qc2 c5 7. Bd3 Nxc3 8.
bxc3 Ba5 9. Bxh7 Bxc3+ 10. Qxc3 Rxh7 11. Ba3 cxd4 12. Qxd4 Nc6 13. Qd3 Rh8
14. O-O Qc7 15. cxd5 exd5 16. Qxd5 Be6 17. Qd6 Qc8 18. Rfd1 Bg4 19. Rac1
Bxf3 20. Rxc6 Qd8 21. Qxd8+ Rxd8 22. Rxd8+ Kxd8 23. Rd6+ Kc7 24. gxf3 Re8
25. e4 b5 26. Rd3 a5 27. Rc3+ Kb6 28. Bc5+ Kc6 29. Bf8+ Kd7 30. Bc5 Ke6 31.
Be3 b4 32. Rc5 Rd8 33. Rxa5 Kf6 34. Rb5 Kg6 35. Rxb4 Kh5 36. a4 Kh4 37. Kg2
g5 38. a5 Ra8 39. Ra4 g4 40. fxg4 Kxg4 41. a6 f5 42. exf5+ Kxf5 43. a7 Rg8+
44. Kf1 Ra8 45. Rb4 Ke5 46. Rb8 Rxa7 47. Bxa7 Ke4 48. h4 Kd3 49. h5 Kc2 50.
h6 Kc3 51. h7 Kc2 52. h8=Q Kd3 53. Rd8+ Kc2 54. Qd4 Kb3 55. Rb8+ Ka3 56.
Qb4+ Ka2 57. Qb2# {Black checkmated} 1-0

[Event "ICCopen2016"]
[Site "Internet Chess Club"]
[Date "2016.06.04"]
[Round "3"]
[White "QuieroAprender"]
[Black "chessrex"]
[Result "0-1"]
[ICCResult "White forfeits on time"]
[WhiteElo "1377"]
[BlackElo "1926"]
[Opening "Philidor: López counter-gambit"]
[ECO "C41"]
[NIC "KP.10"]
[Time "14:22:59"]
[TimeControl "180+0"]

1. e4 e5 2. Nf3 d6 3. Bc4 f5 4. d4 b5 5. Bxg8 Rxg8 6. exf5 e4 7. Ng5 Bxf5 8.
g4 Bg6 9. h4 h6 10. h5 hxg5 11. hxg6 d5 12. Qd2 Be7 13. Rh5 Qd6 14. Nc3 c6
15. a3 Qxg6 16. Qe3 Nd7 17. Bd2 O-O-O 18. O-O-O Rh8 19. Qh3 Rxh5 20. gxh5
Qf7 21. Be3 Rh8 22. Rh1 Kc7 23. b4 Nf6 24. Qf5 Rxh5 25. Rxh5 Qxh5 26. Qe5+
Bd6 27. Qxg5 Qxg5 28. Bxg5 Ng4 29. Be3 Be7 30. Ne2 Bh4 31. Nf4 Bxf2 32. Bxf2
Nxf2 33. Ne6+ Kd6 34. Nxg7 Nh3 35. Nf5+ Ke6 36. Ne3 Ng5 37. c3 Nf7 38. Kd2
Nh6 39. Ke2 Nf5 40. Ng4 Nd6 41. Ne5 Nc4 42. Nxc6 a6 43. Nb8 a5 44. bxa5 Nxa5
45. Na6 Kd6 46. Nc5 Nc4 47. a4 bxa4 48. Nxa4 Kc6 {White forfeits on time}
0-1

[Event "ICCopen2016"]
[Site "Internet Chess Club"]
[Date "2016.06.04"]
[Round "3"]
[White "gsvc"]
[Black "Fighterman"]
[Result "0-1"]
[ICCResult "White resigns"]
[WhiteElo "2837"]
[BlackElo "2553"]
[Opening "Sicilian, Chekhover variation"]
[ECO "B53"]
[NIC "SI.02"]
[Time "14:23:51"]
[TimeControl "180+0"]

1. e4 c5 2. Nf3 d6 3. d4 cxd4 4. Qxd4 Nc6 5. Bb5 Bd7 6. Qd3 g6 7. c4 Bg7 8.
O-O Nf6 9. Nc3 O-O 10. h3 a6 11. Bxc6 Bxc6 12. Nd4 Nd7 13. Be3 Nc5 14. Qc2
Ne6 15. Nxe6 fxe6 16. Qb3 Qd7 17. f3 b5 18. cxb5 Bxb5 19. Nxb5 axb5 20. Rfc1
Rfc8 21. Rxc8+ Rxc8 22. a4 bxa4 23. Rxa4 Kf7 24. Rb4 Qc6 25. Rb7 Qc2 26.
Qxc2 Rxc2 27. b4 Re2 28. Bf2 d5 29. Bc5 Bf6 30. Kf1 Rb2 31. b5 d4 32. b6 d3
33. Rd7 d2 34. Ke2 Bc3 35. Rxe7+ Kf6 36. Rd7 Rb1 37. Bf2 Re1+ {White
resigns} 0-1

[Event "ICCopen2016"]
[Site "Internet Chess Club"]
[Date "2016.06.04"]
[Round "3"]
[White "hgarjur"]
[Black "Govindan"]
[Result "1-0"]
[ICCResult "Black forfeits on time"]
[WhiteElo "1932"]
[BlackElo "1477"]
[Opening "Pirc: Austrian attack, 6.Bd3"]
[ECO "B09"]
[NIC "PU.02"]
[Time "14:22:44"]
[TimeControl "180+0"]

1. e4 d6 2. d4 Nf6 3. Nc3 g6 4. f4 Bg7 5. Nf3 O-O 6. Bd3 c6 7. O-O Bd7 8.
Qe1 Re8 9. Qh4 Ng4 10. h3 Bf6 11. Qg3 Nh6 12. e5 Bg7 13. Ng5 Nf5 14. Qf2
dxe5 15. dxe5 h6 16. Nge4 Na6 17. g4 Qc8 18. gxf5 Bxf5 19. h4 Rd8 20. Be3
Nc7 21. Rad1 Ne6 22. Bc4 Bh3 23. Rfe1 Bg4 24. Rxd8+ Qxd8 25. Nc5 Nxc5 26.
Bxc5 Qc7 27. Ne4 Bf5 28. Bd3 b6 29. Be3 c5 30. c4 Qc6 31. Bc1 Rd8 32. Bc2
{Black forfeits on time}
1-0

[Event "ICCopen2016"]
[Site "Internet Chess Club"]
[Date "2016.06.04"]
[Round "3"]
[White "YellowBandit1"]
[Black "gonesailing"]
[Result "1-0"]
[ICCResult "Black resigns"]
[WhiteElo "1985"]
[BlackElo "1593"]
[Opening "Queen's pawn: Chigorin variation"]
[ECO "D00"]
[NIC "QP.08"]
[Time "14:23:49"]
[TimeControl "180+0"]

1. d4 d5 2. Nc3 c6 3. Bf4 Nf6 4. Bxb8 Rxb8 5. a3 e6 6. Rb1 c5 7. e3 cxd4 8.
Qxd4 b6 9. Bb5+ Bd7 10. Qa4 Qc7 11. Nf3 Bd6 12. O-O O-O 13. Bxd7 Nxd7 14. h3
Nc5 15. Qd4 Nd7 16. Rfd1 Bc5 17. Qd2 Ne5 18. Nxe5 Qxe5 19. Na4 Be7 20. Qd4
Qg5 21. Nc3 Bf6 22. Qd2 Rfc8 23. Ne2 h6 24. c3 Rc4 25. Nd4 Rbc8 26. Nb5 Rh4
27. e4 Qxd2 28. Rxd2 Rxe4 29. Nd6 Rec4 30. Nxc8 Rxc8 31. f3 a5 32. Rd3 Rc4
33. b4 a4 34. Rc1 b5 35. Kf1 Bg5 36. Rc2 Bf6 37. Ke2 Kh7 38. g3 g5 39. Kd2
Kg6 40. Re3 d4 41. cxd4 Rxd4+ 42. Ke2 Rd5 43. Rd3 Re5+ 44. Re3 Rd5 45. Rc5
Be7 46. Rxd5 exd5 47. Rxe7 {Black resigns} 1-0

[Event "ICCopen2016"]
[Site "Internet Chess Club"]
[Date "2016.06.04"]
[Round "3"]
[White "capatal1"]
[Black "Chaos23"]
[Result "0-1"]
[ICCResult "White resigns"]
[WhiteElo "1364"]
[BlackElo "1932"]
[Opening "Queen's pawn game"]
[ECO "A46"]
[NIC "QP.06"]
[Time "14:24:23"]
[TimeControl "180+0"]

1. d4 Nf6 2. Nf3 c5 3. Bg5 cxd4 4. Bxf6 gxf6 5. Qxd4 Nc6 6. Qd1 Qb6 7. Qc1
d5 8. c3 e5 9. Nbd2 Bh6 10. e3 Bf5 11. Nb3 Rg8 12. g3 d4 13. cxd4 exd4 14.
Nbxd4 Nxd4 15. Nxd4 Be4 16. f3 Bd5 17. Bb5+ Kf8 18. O-O Kg7 19. Nf5+ Kh8 20.
Nxh6 Qxb5 21. Nxg8 Rxg8 22. Qc3 Qb6 23. Qxf6+ Qxf6 24. e4 Bc4 25. Rf2 Rd8
26. a3 Rd3 27. Raf1 Rb3 28. Rb1 Rxf3 {White resigns} 0-1

[Event "ICCopen2016"]
[Site "Internet Chess Club"]
[Date "2016.06.04"]
[Round "3"]
[White "maly"]
[Black "Last7Samurai"]
[Result "1-0"]
[ICCResult "Black resigns"]
[WhiteElo "2455"]
[BlackElo "2810"]
[Opening "QGD Slav defense"]
[ECO "D10"]
[NIC "SL.01"]
[Time "14:23:03"]
[TimeControl "180+0"]

1. d4 d5 2. c4 c6 3. e3 Nf6 4. Bd3 e6 5. Nf3 Nbd7 6. Nbd2 Bd6 7. O-O O-O 8.
e4 e5 9. cxd5 cxd5 10. exd5 exd4 11. Ne4 Nxe4 12. Bxe4 Nf6 13. Qxd4 Nxe4 14.
Qxe4 Re8 15. Qd4 Bf5 16. Be3 Be4 17. Rfd1 Bxf3 18. gxf3 Qd7 19. Qg4 f5 20.
Qd4 Be5 21. Qd2 Qd6 22. f4 Bf6 23. Kh1 Rad8 24. Qd3 g6 25. Rd2 Bg7 26. Rad1
Bh6 27. Qc4 Rc8 28. Qa4 a6 29. Rc2 b5 30. Qb3 Bxf4 31. Rxc8 Rxc8 32. Bxf4
Qxf4 33. d6+ Kg7 34. d7 Rd8 35. Qc3+ Kf7 36. Rd2 Qe4+ 37. Kg1 Qb1+ 38. Kg2
Qe4+ 39. Kg1 h5 40. h3 g5 41. Rd6 Qe7 42. Qd4 g4 43. Qd5+ Kg7 44. Qd4+ Kh7
45. hxg4 hxg4 46. Qd5 Qe1+ 47. Kg2 Qe4+ 48. Qxe4 fxe4 49. Kg3 Kg7 50. Kxg4
Kf7 51. Kf4 Ke7 52. Rd5 Rf8+ 53. Kxe4 Kd8 54. f4 Rh8 55. f5 Rh2 56. f6 Rf2
57. Ke5 Rxb2 58. f7 Rf2 59. Ke6 Re2+ 60. Re5 Rf2 61. Rf5 Re2+ 62. Kf6
{Black resigns}
1-0

[Event "ICCopen2016"]
[Site "Internet Chess Club"]
[Date "2016.06.04"]
[Round "3"]
[White "Tresor77"]
[Black "HPG1947"]
[Result "1-0"]
[ICCResult "Black forfeits on time"]
[WhiteElo "1482"]
[BlackElo "1675"]
[Opening "Pirc defense"]
[ECO "B07"]
[NIC "PU.08"]
[Time "14:23:01"]
[TimeControl "180+0"]

1. e4 d6 2. d4 Nf6 3. Nc3 Nbd7 4. f4 e5 5. Nf3 c6 6. fxe5 dxe5 7. dxe5 Ng4
8. Bf4 Bc5 9. Qe2 Bf2+ 10. Kd1 Ndxe5+ 11. Nd2 Bd4 12. Bxe5 Nxe5 13. h3 Be6
14. Kc1 O-O 15. Nf3 Bxc3 16. bxc3 Qa5 17. Qe1 Qa3+ 18. Kb1 Nc4 19. Bxc4 Bxc4
20. Nd2 Qxc3 21. Nb3 Qxe1+ 22. Rxe1 Rfe8 23. Kb2 Re5 24. Rad1 Rae8 25. Rd7
R5e7 26. Rdd1 g6 27. a4 {Black forfeits on time} 1-0

[Event "ICCopen2016"]
[Site "Internet Chess Club"]
[Date "2016.06.04"]
[Round "3"]
[White "Mandragora"]
[Black "mrneale"]
[Result "1-0"]
[ICCResult "Black forfeits on time"]
[WhiteElo "1585"]
[BlackElo "1227"]
[Opening "Hungarian defense"]
[ECO "C50"]
[NIC "IG.03"]
[Time "14:22:54"]
[TimeControl "180+0"]

1. e4 e5 2. Nf3 Nc6 3. Bc4 Be7 4. O-O Nf6 5. d3 d6 6. h3 O-O 7. c3 h6 8. b4
a6 9. Bb2 Nh7 10. d4 exd4 11. cxd4 Ng5 12. e5 dxe5 13. Nxg5 Bxg5 14. d5 Nxb4
15. Qb3 a5 16. Nc3 Na6 17. Ne4 Bf6 18. Rad1 b6 19. d6 cxd6 20. Nxd6 Qe7 21.
Ba3 Be6 22. Nf5 Qc7 23. Bxe6 fxe6 24. Qxe6+ Kh8 25. Bxf8 Rxf8 26. Rc1 Nc5
27. Rfd1 Bg5 28. Rc2 Nxe6 29. Rxc7 Nxc7 30. Rd7 Rxf5 31. Rxc7 e4 32. Rb7 Rf6
33. Kh2 e3 34. fxe3 Bxe3 35. g4 Bc5 36. Kg3 Kh7 37. h4 Rd6 38. a4
{Black forfeits on time}
1-0

[Event "ICCopen2016"]
[Site "Internet Chess Club"]
[Date "2016.06.04"]
[Round "3"]
[White "hipopotamos"]
[Black "JimboPi"]
[Result "0-1"]
[ICCResult "White forfeits on time"]
[WhiteElo "1073"]
[BlackElo "1671"]
[Opening "Petrov three knights game"]
[ECO "C42"]
[NIC "RG.01"]
[Time "14:23:31"]
[TimeControl "180+0"]

1. e4 e5 2. Nf3 Nf6 3. Nc3 Bb4 4. Bc4 O-O 5. O-O Re8 6. d3 c6 7. h3 d5 8.
exd5 cxd5 9. Bb3 Nc6 10. Bg5 Be6 11. Nb5 a6 12. Nc3 Rc8 13. Ba4 b5 14. Bb3
Qd7 15. a3 Ba5 16. Ba2 d4 17. Ne4 Nd5 18. Nc5 Qa7 19. Nxe6 fxe6 20. Qe2 Qc7
21. b4 Bb6 22. Rae1 Nc3 23. Qd2 Nxa2 24. Rc1 Nxc1 25. Qe2 Na2 26. Kh1 Nc3
27. Qe1 Nd5 28. Qd2 Nf4 29. Qd1 Ne7 30. Qd2 Ned5 31. Qd1 Qxc2 32. Qd2 Qxd2
{White forfeits on time}
0-1